 Dungeon Crawl Stone Soup version 0.31.0-11-ge490571c62 (webtiles) character file.

Game seed: 9939824953159494242

52 hawla the Conjurer (level 3, -3/19 HPs)
             Began as a Deep Elf Fire Elementalist on Feb 1, 2024.
             Slain by a gnoll
             ... wielding a +0 flail
              (9 damage)
             ... on level 2 of the Dungeon.
             The game lasted 00:03:07 (1285 turns).

hawla the Conjurer (Deep Elf Fire Elementalist)     Turns: 1285, Time: 00:03:07

Health: -3/19      AC:  2    Str:  5    XL:     3   Next: 60%
Magic:  7/9        EV: 12    Int: 21    God:
Gold:   65         SH:  0    Dex: 15    Spells: 5/8 levels left

rFire   . . .        c - +0 quarterstaff
rCold   . . .        (shield currently unavailable)
rNeg    . . .        a - +0 robe
rPois   .            (no helmet)
rElec   .            (no cloak)
rCorr   .            (no gloves)
SInv    .            (no boots)
Will    .....        (no amulet)
Stlth   ++           (no ring)
HPRegen 0.23/turn    (no ring)
MPRegen 0.11/turn

%: no passive effects
@: no status effects
A: no striking features
a: no special abilities


You were on level 2 of the Dungeon.
You visited 1 branch of the dungeon, and saw 2 of its levels.

You collected 65 gold pieces.

Inventory:

Hand Weapons
 c - a +0 quarterstaff (weapon)
Armour
 a - a +0 robe (worn)
Scrolls
 e - a scroll of identify {unknown}
Potions
 b - a potion of magic
 d - a potion of might {unknown}


   Skills:
 - Level 2.4 Dodging
 - Level 2.4 Stealth
 - Level 3.0 Spellcasting
 + Level 4.0 Conjurations
 - Level 3.2 Fire Magic


You had 5 spell levels left.
You knew the following spells:

 Your Spells              Type           Power      Damage    Failure   Level
a - Foxfire               Conj/Fire      72%        2x1d7     3%          1
b - Scorch                Fire           32%        2d6       5%          2

Your spell library contained the following spells:

 Spells                   Type           Power      Damage    Failure   Level
 Inner Flame              Hex/Fire       10%        N/A       21%         3
 Volatile Blastmotes      Fire/Tloc      20%        2d11      21%         3
 Flame Wave               Conj/Fire      18%        2d7       30%         4


Dungeon Overview and Level Annotations

Branches:
Dungeon (2/15)

Altars:

Shops:
D:2 [


Message History

You see here a hobgoblin corpse.
You see here a giant cockroach corpse.
An endoplasm comes into view.
An endoplasm is nearby!
An endoplasm is nearby!
An endoplasm is nearby!
Casting: Scorch (safe; 5% risk of failure)
Confirm with . or Enter, or press ? or * to list all spells.
You conjure some foxfire!
The foxfire hits the endoplasm.
The endoplasm is severely wounded.
The foxfire hits the endoplasm.
You kill the endoplasm!
Your Conjurations skill increases to level 4!
Found Wileunu's Antique Armour Shop.
There is an entrance to Wileunu's Antique Armour Shop here.
You can access your shopping list by pressing '$'.
Found 6 stones.
Found a rapier.
Found a stone staircase leading up.
You now have 65 gold pieces (gained 4).
A gnoll comes into view. It is wielding a +0 flail.
A gnoll is nearby!
Casting: Foxfire (safe; 3% risk of failure)
Confirm with . or Enter, or press ? or * to list all spells.
Flames lash the gnoll.
The gnoll is heavily wounded.
The gnoll's fire resistance burns away.
You hear an angry hiss.
The gnoll hits you with a +0 flail!
You hit the gnoll.
The gnoll is severely wounded.
The gnoll hits you with a +0 flail!
* * * LOW HITPOINT WARNING * * *
Casting: Scorch (safe; 5% risk of failure)
Confirm with . or Enter, or press ? or * to list all spells.
You don't know that spell.
You closely miss the gnoll.
The gnoll is severely wounded.
The gnoll hits you with a +0 flail!
You die...

########## ##
#......... ##..
#.#######.
.....## ####.# #.
.......#####....#
#. #..@.....#..#
#. #.g#####.).<#
#. #.# ####.# #.
..# #.#######.
### #.........
#####.#### #..#
##.###
.########.#..


You could see a gnoll (combustible).

Vanquished Creatures
  A gnoll (D:1)
  A dart slug (D:1)
  5 bats (D:1)
  4 endoplasms
  3 giant cockroaches
  3 goblins
  4 hobgoblins
  2 jackals (D:1)
  3 quokkas
  4 ball pythons
  2 frilled lizards (D:1)
  3 kobolds (D:1)
  A rat (D:1)
36 creatures vanquished.

Vanquished Creatures (others)
  64 foxfires
64 creatures vanquished.

Grand Total: 100 creatures vanquished

Notes
Turn   | Place    | Note
-------+----------+-------------------------------------------
     0 | D:1      | hawla the Deep Elf Fire Elementalist began the quest for
                  | the Orb.
     0 | D:1      | Reached XP level 1. HP: 10/10 MP: 6/6
   141 | D:1      | Reached skill level 2 in Conjurations
   186 | D:1      | Reached XP level 2. HP: 15/15 MP: 5/8
   262 | D:1      | Learned a level 2 spell: Scorch
   284 | D:1      | Reached skill level 3 in Conjurations
   501 | D:1      | Reached XP level 3. HP: 19/19 MP: 7/9
  1186 | D:2      | Reached skill level 4 in Conjurations
  1210 | D:2      | Found Wileunu's Antique Armour Shop.
  1285 | D:2      | Slain by a gnoll

Illustrated notes

Levels and vault maps discovered:
D:1:      psy_arrival_terrarium, layout_loops_cross, grunt_decor_one_mirror,
          minmay_misc_feat_tiny, minmay_misc_feat_plants
D:2:      minmay_evil_eye, layout_loops_ring, serial_shops, shop,
          minmay_pentomino_v4, uniq_crazy_yiuf_cottage

Skill      XL: |  1  2  3 |
---------------+----------+-----
Conjurations   | 2 3 4 |  4.0
Dodging        | |  2.4
Stealth        | |  2.4
Spellcasting   | |  3.0
Fire Magic     | |  3.2

Action                     || total
---------------------------++-------
  Melee: Quarterstaff      ||    19
   Cast: Foxfire           ||    36
         Scorch            ||     9
    Use: Scroll            ||     1
 Armour: Robe              ||    19
  Dodge: Dodged            ||    13
